 Dungeon Crawl Stone Soup version 0.29.1-2-gbd0b4ee654 (webtiles) character file.

Game seed: 14589782118796154408

5558 kingsuperguy the Impaler (level 10, -7/78 (84) HPs)
             Began as a Minotaur Berserker on Nov 16, 2022.
             Was an Elder of Trog.
             Mangled by an orc warrior
             ... wielding a +0 halberd of electrocution
              (15 damage)
             ... in a bailey.
             The game lasted 00:35:47 (11683 turns).

kingsuperguy the Impaler (Minotaur Berserker)      Turns: 11683, Time: 00:35:48

HP:   -7/78 (84)    AC:  7    Str: 26    XL:     10   Next: 44%
MP:   9/9           EV: 12    Int: 10    God:    Trog [****..]
Gold: 288           SH:  0    Dex: 10    Spells: 9/9 levels left

rFire   . . .      SeeInvis .   P - +0 bardiche
rCold   + . .      Faith    .   (shield currently unavailable)
rNeg    . . .      Spirit   .   v - +0 ring mail
rPois   .          Reflect  .   (helmet restricted)
rElec   .          Harm     .   (no cloak)
rCorr   .          Rampage  .   w - +0 pair of gloves
Will    +++..                   (no boots)
Stlth   +.........              (no amulet)
HPRegen 1.23/turn               m - ring of protection from cold
MPRegen 0.11/turn               l - +6 ring of intelligence

@: strong-willed (expiring), regenerating (expiring), drained
A: horns 2, retaliatory headbutt, strong-willed 1
a: Renounce Religion, Berserk, Trog's Hand, Brothers in Arms


You were in a bailey.
You worshipped Trog.
Trog was greatly pleased with you.
You visited 1 branch of the dungeon, and saw 9 of its levels.
You visited the Abyss 1 time.
You also visited: Bailey.

You collected 531 gold pieces.
You spent 243 gold pieces at shops.

Inventory:

Hand Weapons
 a - a +2 halberd of draining
 b - a +1 halberd of electrocution
 o - a +0 scythe
 q - a +0 long sword
 x - a +4 dagger
 B - a +0 war axe
 L - a +3 battleaxe
 M - a +4 flail
 N - a +5 long sword
 P - a +0 bardiche (weapon)
 R - a +1 dagger of holy wrath
 X - a +3 long sword
 Y - a +4 spear
Missiles
 g - 40 stones (quivered)
 S - 2 throwing nets
Armour
 r - a +1 robe of fire resistance
 v - a +0 ring mail (worn)
 w - a +0 pair of gloves (worn)
Jewellery
 l - a +6 ring of intelligence (right hand)
 m - a ring of protection from cold (left hand)
Wands
 p - a wand of flame (16)
 y - a wand of digging (5)
 W - a wand of polymorph (4)
Scrolls
 e - 4 scrolls of teleportation
 f - 3 scrolls of immolation
 h - 3 scrolls of blinking
 j - a scroll of noise
 n - 2 scrolls of torment
 A - a scroll of fear {unknown}
 I - a scroll of brand weapon {unknown}
 J - 2 scrolls of summoning
 T - a scroll of acquirement {unknown}
 U - a scroll of magic mapping {unknown}
 Z - a scroll of butterflies {unknown}
Potions
 c - a potion of cancellation {unknown}
 d - 3 potions of degeneration
 i - 2 potions of heal wounds {unknown}
 s - 2 potions of magic {unknown}
 t - 3 potions of might {unknown}
 u - a potion of haste
 z - a potion of flight {unknown}
 C - a potion of ambrosia {unknown}
 D - 2 potions of attraction {unknown}
 E - 2 potions of berserk rage {unknown}
 H - a potion of lignification {unknown}
 K - 3 potions of brilliance {unknown}
 V - 2 potions of mutation


   Skills:
 - Level 6.5 Fighting
 - Level 0.1(10.1) Axes
 * Level 15.5 Polearms
 - Level 2.0 Throwing
 - Level 6.3 Armour
 - Level 4.8 Dodging
 - Level 2.4 Stealth
 + Level 0.7 Evocations


You had 9 spell levels left.
You didn't know any spells.
Your spell library was empty.

Dungeon Overview and Level Annotations

Branches:
Dungeon (9/15)             Temple (0/1) D:7          Bailey (1/1)
   Lair: D:8-11         Orc: D:9-12

Altars:
Kikubaaqudgha
Okawaru
Lugonu

Shops:
D:3 *   D:7 (

Portals:
Abyss: D:4


Innate Abilities, Weirdness & Mutations

You have a pair of horns on your head.
You reflexively headbutt those who attack you in melee.
You are strong-willed. (Will+)


Message History

Something wriggles in the net.
There is an open door here.
You see here a gnoll skeleton.
There is an open door here.
Things that are here:
a +3 mace; a +0 halberd; a +2 halberd of draining
There is an open door here.
Things that are here:
a +0 great mace; a +0 spear Your skin crawls.
You feel strong-willed.
You fail to use your ability.
You fail to use your ability.
You fail to use your ability.
Your two-headed ogre goes berserk!
Your extra speed is starting to run out.
Something hits you but does no damage.
You are electrocuted!
* * * LOW HITPOINT WARNING * * *
Things that are here:
a +0 great mace; a +0 spear
There is an open door here.
You feel yourself slow down.
Things that are here:
a +0 halberd; a +0 scale mail You start resting.
There is a strange disturbance nearby!
You start resting.
There is a strange disturbance nearby!
Throw: 40 stones
Press: ? - help, Q - select action, (/) - cycle Shift-Dir - straight line, f - you
Okay, then.
As you read the scroll of identify, it crumbles to dust.
j - a scroll of noise You feel the effects of Trog's Hand fading.
A gnoll appears from thin air!
Reactivating autopickup.
Something hits you!!
* * * LOW HITPOINT WARNING * * *
You are electrocuted!
You die...

### ### ##### ### #
#∩###.###g'÷###.###
##'##'##'###'##'##'
##..?[o## ##.....#
###.....#####.....#
#)'..g..')#.'..⌠..'
###.....#####.....#
##O....## #.....#
##@##'##'###'##'##{
#)###.###÷#.# #)###
### ### #### ### #
#.#.# #.### '##' '#
#'##'##) #!..
#.)...# #.!..
###.....# '!.⌠.
#.'..go.+ ..oo
###o)...#


You could see 2 gnolls, an orc (ally target) and a friendly two-headed ogre
(summoned, berserk).

Vanquished Creatures
  A two-headed ogre (D:9)
  Sigmund (D:2)
  A shadow (D:7)
  A wyvern (D:9)
  A wraith (D:8)
  A steam dragon (D:7)
  An acid dragon (D:8)
  3 water moccasins
  3 orc warriors
  A black bear (D:6)
  A small abomination (Abyss:1)
  An ogre (D:5)
  5 centaurs
  3 phantoms
  2 kobold brigands
  4 bullfrogs
  A gnoll sergeant (D:8)
  2 scorpions
  9 wights
  11 killer bees
  A howler monkey (D:8)
  2 quasits (Abyss:1)
  3 gnoll boudas
  An orc priest (D:8)
  3 hounds (D:6)
  An iguana (D:5)
  10 orc wizards
  33 gnolls
  5 adders
  A white imp (D:6)
  3 worms
  2 dart slugs
  36 orcs
  9 endoplasms
  3 giant cockroaches
  16 goblins
  9 hobgoblins
  13 kobolds
  5 quokkas
  11 ball pythons
  5 bats
  2 frilled lizards
  9 rats
  A bush (D:2)
237 creatures vanquished.

Vanquished Creatures (others)
  2 lurking horrors (D:4)
  7 plants
9 creatures vanquished.

Grand Total: 246 creatures vanquished

Notes
Turn   | Place    | Note
-------+----------+-------------------------------------------
     0 | D:1      | kingsuperguy the Minotaur Berserker began the quest for the
                  | Orb.
     0 | D:1      | Reached XP level 1. HP: 19/19 MP: 0/0
   147 | D:1      | Reached skill level 4 in Polearms
   147 | D:1      | Reached XP level 2. HP: 27/27 MP: 1/1
   275 | D:1      | Reached ** piety under Trog
   644 | D:2      | Reached XP level 3. HP: 32/33 MP: 2/2
  1018 | D:2      | Noticed a scorpion
  1023 | D:2      | Killed a scorpion
  1024 | D:2      | Reached skill level 5 in Polearms
  1024 | D:2      | Reached XP level 4. HP: 41/41 MP: 3/3
  1533 | D:2      | Noticed Sigmund
  1544 | D:2      | Killed Sigmund
  1545 | D:2      | Reached skill level 5 in Fighting
  1545 | D:2      | Reached skill level 6 in Polearms
  1545 | D:2      | Reached skill level 1 in Stealth
  1545 | D:2      | Reached XP level 5. HP: 41/48 MP: 4/4
  1545 | D:2      | Reached XP level 6. HP: 48/56 MP: 5/5
  2175 | D:3      | Found a faded altar of an unknown god.
  2475 | D:3      | Found Maguink's Assorted Antiques.
  2629 | D:3      | Gained mutation: You are strong-willed. (Will+) [potion of
                  | mutation]
  3049 | D:4      | Reached *** piety under Trog
  3261 | D:4      | Found a one-way gate to the infinite horrors of the Abyss.
  3262 | D:4      | Found a corrupted altar of Lugonu.
  3835 | D:5      | Entered Level 5 of the Dungeon
  3844 | D:5      | Reached skill level 7 in Polearms
  3844 | D:5      | Reached XP level 7. HP: 61/61 MP: 6/6
  4058 | D:4      | Voluntarily entered the Abyss.
  4098 | Abyss:1  | Noticed a spriggan defender zombie
  4182 | Abyss:1  | Noticed an ancient zyme
  4188 | Abyss:1  | Noticed a starcursed mass
  4199 | D:4      | Escaped the Abyss
  4712 | D:5      | Reached skill level 8 in Polearms
  4724 | D:5      | Reached skill level 1 in Throwing
  4994 | D:5      | Reached XP level 8. HP: 57/70 MP: 7/7
  5477 | D:5      | Found an iron altar of Okawaru.
  5574 | D:5      | Found an ancient bone altar of Kikubaaqudgha.
  5756 | D:6      | Reached skill level 5 in Armour
  6137 | D:6      | Reached skill level 9 in Polearms
  6541 | D:7      | Found Jusoycenue's Antique Weapon Shop.
  6544 | D:7      | Bought a bardiche for 243 gold pieces
  6597 | D:7      | Reached skill level 10 in Polearms
  6597 | D:7      | Reached XP level 9. HP: 71/78 MP: 8/8
  6631 | D:7      | Found a staircase to the Ecumenical Temple.
  6653 | D:7      | Identified the +1 glaive "Diujeh" {vorpal, Int+4}
  6947 | D:7      | Reached skill level 11 in Polearms
  7764 | D:7      | Reached **** piety under Trog
  7765 | D:7      | Reached skill level 12 in Polearms
  9491 | D:8      | Reached skill level 13 in Polearms
 10396 | D:8      | Noticed a centaur warrior
 10401 | D:8      | Reached XP level 10. HP: 78/84 MP: 9/9
 10435 | D:8      | Reached skill level 14 in Polearms
 10436 | D:8      | Noticed a two-headed ogre
 10683 | D:8      | Noticed a tengu warrior
 10683 | D:8      | Noticed a two-headed ogre
 10923 | D:9      | Noticed a two-headed ogre
 10926 | D:9      | Killed a two-headed ogre
 10929 | D:9      | Reached skill level 15 in Polearms
 10954 | D:9      | HP: 4/84 [killer bee (8)]
 11333 | D:9      | Found a flagged portal.
 11358 | Bailey   | Entered a bailey
 11683 | Bailey   | Mangled by an orc warrior

Illustrated notes

Levels and vault maps discovered:
D:1:      amcnicky_arrival_gap_in_the_tavern_cellar, layout_rooms
D:2:      layout_loops_corners, serial_forest, infiniplex_forest_lined_2,
          infiniplex_forest_lined_room_3, infiniplex_forest_zigzag_2,
          infiniplex_forest_clump_medium, infiniplex_forest_zigzag_1,
          infiniplex_forest_lined_2, uniq_sigmund
D:3:      layout_loops_ring, serial_shops, nicolae_shop_hallway_plus,
          chequers_ecumenical_altar_simple
D:4:      layout_rooms, serial_bayou, serial_bayou_pond_d, serial_bayou_pond_d,
          serial_bayou_pond_a, serial_bayou_pond_b, nrook_loot_triangle,
          hangedman_decor_clover_reticule, amcnicky_altar_lugonu_corruption
D:5:      layout_cave_pools, mainiacjoe_overflow_two_lobes, serial_rivers,
          chequers_serial_rivers_room_a, chequers_serial_rivers_micro_e,
          chequers_serial_rivers_micro_a, chequers_serial_rivers_micro_b,
          hangedman_abyss_or_decor_lesser_grid, moated_statue, nrook_mini_vaults
D:6:      layout_basic
D:7:      layout_cave_pods, minmay_temple_entry_ruins, nicolae_stop_n_shop_1,
          serial_bayou_crossing
D:8:      kennysheep_windowed_halls, layout_loops_ring, dreamdust_wishing_well
D:9:      layout_irregular_city, regret_index_temple_of_mockery,
          lair_entry_dummy, enter_bailey_3
Bailey:   bailey_polearm_nasty_gnolls, bailey

Skill      XL: |  1  2  3  4  5  6  7  8  9 10 |
---------------+-------------------------------+-----
Polearms       | 4 5 6 7 8 10 13 15 | 15.5
Fighting       | 4 5 6 |  6.5
Armour         | 3 4 6 |  6.3
Dodging        | 3 4 |  4.8
Stealth        | 1 2 |  2.4
Throwing       | 1 2 |  2.0
Axes           | |  0.1
Evocations     | |  0.7

Action                   |  1- 3 |  4- 6 |  7- 9 | 10-12 || total
-------------------------+-------+-------+-------+-------++-------
Melee: Spear             |    87 |    37 |       |       ||   124
       Headbutt          |     8 |    20 |    35 |     4 ||    67
       Punch             |       |     1 |       |       ||     1
       Halberd           |       |   112 |   133 |       ||   245
       Bardiche          |       |       |   142 |    90 ||   232
       Battleaxe         |       |       |     4 |       ||     4
Throw: Dart              |       |       |     8 |       ||     8
       Stone             |       |       |    17 |     4 ||    21
       Throwing net      |       |       |       |     1 ||     1
Invok: Berserk           |     1 |     2 |    18 |     2 ||    23
       Trog's Hand       |       |       |     1 |     2 ||     3
       Brothers in Arms  |       |       |       |     1 ||     1
Evoke: Wand              |       |       |     7 |       ||     7
  Use: Scroll            |       |     5 |     1 |     6 ||    12
       Potion            |       |     1 |     2 |     4 ||     7
 Stab: Sleeping          |     1 |     3 |       |     5 ||     9
Armor: Animal skin       |     9 |    16 |       |       ||    25
       Ring mail         |       |     8 |    70 |    30 ||   108
Dodge: Dodged            |    29 |    47 |   199 |    82 ||   357
